| TOP OF THE 1ST |
|
Fort Myers Palms batting - Pitching for Miami Whales : LHP Alex Gomez
|
|
Pitching: LHP Alex Gomez
|
|
|
Batting: RHB Stanley Baker
|
0-0: Ball 1-0: Ball 2-0: Ball 3-0: Called Strike 3-1: Foul Ball, location: 2F 3-2: Ground out 5-3 (Groundball, 56S, EV 83.1 MPH)
|
|
Batting: RHB Johnny Evans
|
0-0: Ball 1-0: Fly out, F8 (Line Drive, 8RM, EV 105.0 MPH)
|
|
Batting: LHB Gus Burgess
|
0-0: Fly out, F7 (Flyball, 7LD, EV 83.1 MPH)
|
| Top of the 1st over - 0 runs, 0 hits, 0 errors, 0 left on base; Fort Myers 0 - Miami 0 |
| BOTTOM OF THE 1ST |
|
Miami Whales batting - Pitching for Fort Myers Palms : RHP David LaBounty
|
|
Pitching: RHP David LaBounty
|
|
|
Batting: SHB Ramon Alcantara
|
0-0: Called Strike 0-1: Ball 1-1: Ball 2-1: Called Strike 2-2: Ball 3-2: Foul Ball, location: 2F 3-2: Foul Ball, location: 2F 3-2: Foul Ball, location: 2F 3-2: Foul Ball, location: 2F 3-2: Ground out 4-3 (Groundball, 4, EV 101.3 MPH)
|
|
Batting: RHB Donald Hubbard
|
0-0: Ball 1-0: Ball 2-0: Reached on error, E5 (Groundball, 5S, EV 74.4 MPH)
|
|
Batting: LHB Lorenzo Bundy
|
0-0: Foul Ball, location: 2F 0-1: Ball 1-1: Ball 2-1: Swinging Strike 2-2: Ball 3-2: Base on Balls Donald Hubbard to second
|
|
Batting: RHB Steve Benson
|
0-0: Called Strike Donald Hubbard steals 3rd base 0-1: Ball 1-1: Fly out, F9 (Flyball, 9D, EV 103.8 MPH)
|
|
Batting: LHB Brad Garnett
|
0-0: Ball 1-0: Called Strike 1-1: Ball 2-1: Fly out, F8 (Line Drive, 8RM, EV 107.5 MPH)
|
| Bottom of the 1st over - 0 runs, 0 hits, 1 error, 2 left on base; Fort Myers 0 - Miami 0 |
| TOP OF THE 2ND |
|
Fort Myers Palms batting - Pitching for Miami Whales : LHP Alex Gomez
|
|
Batting: LHB James Atkinson
|
0-0: Called Strike 0-1: Foul Ball, location: 2F 0-2: Ball 1-2: Ball 2-2: Ground out 4-3 (Groundball, 4, EV 90.6 MPH)
|
|
Batting: RHB Lindon Duncan
|
0-0: Ball 1-0: Ball 2-0: SINGLE (Groundball, 6MD, EV 108.8 MPH)
|
|
Batting: RHB Matt Sinatro
|
0-0: Ball 1-0: Ball 2-0: Ball 3-0: Called Strike 3-1: Foul Ball, location: 2F 3-2: Foul Ball, location: 2F 3-2: Fly out, F7 (Flyball, 7S, EV 81.3 MPH)
|
|
Batting: RHB Carl Nichols
|
0-0: Swinging Strike 0-1: Ball 1-1: Ball Pickoff Throw to First - Out! 1-3
|
| Top of the 2nd over - 0 runs, 1 hit, 0 errors, 0 left on base; Fort Myers 0 - Miami 0 |
| BOTTOM OF THE 2ND |
|
Miami Whales batting - Pitching for Fort Myers Palms : RHP David LaBounty
|
|
Batting: RHB Ramon Cardenas
|
0-0: Ball 1-0: Ball 2-0: Swinging Strike 2-1: Ball 3-1: Base on Balls
|
|
Batting: RHB Patrick Rubino
|
0-0: Called Strike 0-1: SINGLE (Groundball, 34, EV 93.8 MPH) Ramon Cardenas to second Runner from 2nd tries for 3rd, SAFE, throw by RF made to third
|
|
Batting: SHB Philip Rossi
|
0-0: Swinging Strike 0-1: Ball 1-1: Foul Ball, location: 2F 1-2: Foul Ball, location: 2F 1-2: Ball 2-2: Fielders Choice at 2nd, 4-6 (Groundball, 34, EV 96.3 MPH) Ramon Cardenas scores
|
|
Batting: RHB Jonathan Cordova
|
0-0: Called Strike 0-1: Ball 1-1: Called Strike Philip Rossi steals 2nd base 1-2: Ball 2-2: Fly out, F7 (Flyball, 7, EV 88.8 MPH)
|
|
Batting: SHB Ramon Alcantara
|
0-0: Called Strike 0-1: Foul Ball, location: 2F 0-2: Foul Ball, location: 2F 0-2: Ground out 4-3 (Groundball, 34, EV 101.9 MPH)
|
| Bottom of the 2nd over - 1 run, 1 hit, 0 errors, 1 left on base; Fort Myers 0 - Miami 1 |
| TOP OF THE 3RD |
|
Fort Myers Palms batting - Pitching for Miami Whales : LHP Alex Gomez
|
|
Batting: RHB Carl Nichols
|
0-0: Ball 1-0: SINGLE (Groundball, 6D, EV 103.8 MPH)
|
|
Batting: RHB Jay Greb
|
0-0: Ball 1-0: Ball 2-0: Called Strike 2-1: SINGLE (Line Drive, 4M, EV 101.3 MPH) Carl Nichols to second
|
|
Batting: SHB Porter Wyatt
|
0-0: Grounds into double play, 5-4-3 (Groundball, 5, EV 103.8 MPH) Carl Nichols to third
|
|
Batting: RHB Stanley Baker
|
0-0: Foul Ball, location: 2F 0-1: Foul Ball, location: 2F 0-2: Ball 1-2: Fly out, F8 (Flyball, 8LD, EV 91.9 MPH)
|
| Top of the 3rd over - 0 runs, 2 hits, 0 errors, 1 left on base; Fort Myers 0 - Miami 1 |
| BOTTOM OF THE 3RD |
|
Miami Whales batting - Pitching for Fort Myers Palms : RHP David LaBounty
|
|
Batting: RHB Donald Hubbard
|
0-0: Ball 1-0: Called Strike 1-1: Ground out 5-3 (Groundball, 56, EV 93.1 MPH)
|
|
Batting: LHB Lorenzo Bundy
|
0-0: Ball 1-0: Ball 2-0: Fly out, F9 (Flyball, 9S, EV 92.5 MPH)
|
|
Batting: RHB Steve Benson
|
0-0: Called Strike 0-1: Foul Ball, location: 2F 0-2: Ball 1-2: SINGLE (Groundball, 6MD, EV 98.1 MPH)
|
|
Batting: LHB Brad Garnett
|
0-0: Called Strike 0-1: Ball 1-1: Ball 2-1: Ball 3-1: Fly out, F5 (Flyball, 5D, EV 85.6 MPH)
|
| Bottom of the 3rd over - 0 runs, 1 hit, 0 errors, 1 left on base; Fort Myers 0 - Miami 1 |
| TOP OF THE 4TH |
|
Fort Myers Palms batting - Pitching for Miami Whales : LHP Alex Gomez
|
|
Batting: RHB Johnny Evans
|
0-0: Fly out, F4 (Flyball, 4D, EV 80.6 MPH)
|
|
Batting: LHB Gus Burgess
|
0-0: Ball 1-0: Called Strike 1-1: Ball 2-1: Foul Ball, location: 2F 2-2: Ball 3-2: Strikes out swinging
|
|
Batting: LHB James Atkinson
|
0-0: Called Strike 0-1: Foul Ball, location: 2F 0-2: Ball 1-2: Ball 2-2: Strikes out swinging
|
| Top of the 4th over - 0 runs, 0 hits, 0 errors, 0 left on base; Fort Myers 0 - Miami 1 |
| BOTTOM OF THE 4TH |
|
Miami Whales batting - Pitching for Fort Myers Palms : RHP David LaBounty
|
|
Batting: RHB Ramon Cardenas
|
0-0: Ball 1-0: Swinging Strike 1-1: Called Strike 1-2: Strikes out swinging
|
|
Batting: RHB Patrick Rubino
|
0-0: Ground out 5-3 (Groundball, 56S, EV 83.1 MPH)
|
|
Batting: SHB Philip Rossi
|
0-0: Fly out, F8 (Flyball, 8LD, EV 100.6 MPH)
|
| Bottom of the 4th over - 0 runs, 0 hits, 0 errors, 0 left on base; Fort Myers 0 - Miami 1 |
| TOP OF THE 5TH |
|
Fort Myers Palms batting - Pitching for Miami Whales : LHP Alex Gomez
|
|
Batting: RHB Lindon Duncan
|
0-0: Ball 1-0: Called Strike 1-1: SOLO HOME RUN (Flyball, 7D, EV 94.4 MPH), Distance : 358 ft
|
|
Batting: RHB Matt Sinatro
|
0-0: Called Strike 0-1: Called Strike 0-2: Ball 1-2: Ball 2-2: DOUBLE (Line Drive, 9LM, EV 90.0 MPH)
|
|
Batting: RHB Carl Nichols
|
0-0: Called Strike 0-1: Called Strike Matt Sinatro steals 3rd base 0-2: Ball Wild Pitch! Matt Sinatro scores 1-2: Ground out 4-3 (Groundball, 4MD, EV 103.1 MPH)
|
|
Batting: RHB Jay Greb
|
0-0: Foul Ball, location: 2F 0-1: Ball 1-1: Swinging Strike 1-2: Foul Ball, location: 2F 1-2: Ball 2-2: Strikes out looking
|
|
Batting: SHB Porter Wyatt
|
0-0: Ground out 5-3 (Groundball, 56, EV 84.4 MPH)
|
| Top of the 5th over - 2 runs, 2 hits, 0 errors, 0 left on base; Fort Myers 2 - Miami 1 |
| BOTTOM OF THE 5TH |
|
Miami Whales batting - Pitching for Fort Myers Palms : RHP David LaBounty
|
|
Batting: RHB Jonathan Cordova
|
0-0: Ball 1-0: Called Strike 1-1: Fly out, F4 (Popup, 23, EV 88.1 MPH)
|
|
Batting: SHB Ramon Alcantara
|
0-0: Ball 1-0: Ball 2-0: Fly out, F8 (Flyball, 8RM, EV 88.1 MPH)
|
|
Batting: RHB Donald Hubbard
|
0-0: Ball 1-0: Ball 2-0: Foul Ball, location: 2F 2-1: Swinging Strike 2-2: Fly out, F8 (Line Drive, 8RD, EV 89.4 MPH)
|
| Bottom of the 5th over - 0 runs, 0 hits, 0 errors, 0 left on base; Fort Myers 2 - Miami 1 |
| TOP OF THE 6TH |
|
Fort Myers Palms batting - Pitching for Miami Whales : LHP Alex Gomez
|
|
Batting: RHB Stanley Baker
|
0-0: Ball 1-0: Ball 2-0: Ball 3-0: Base on Balls
|
|
Batting: RHB Johnny Evans
|
0-0: Grounds into double play, 4-6-3 (Groundball, 4, EV 95.0 MPH)
|
|
Batting: LHB Gus Burgess
|
0-0: Called Strike 0-1: Called Strike 0-2: Ball 1-2: Ground out 4-3 (Groundball, 4, EV 85.6 MPH)
|
| Top of the 6th over - 0 runs, 0 hits, 0 errors, 0 left on base; Fort Myers 2 - Miami 1 |
| BOTTOM OF THE 6TH |
|
Miami Whales batting - Pitching for Fort Myers Palms : RHP David LaBounty
|
|
Batting: LHB Lorenzo Bundy
|
0-0: Called Strike 0-1: Called Strike 0-2: Foul Ball, location: 2F 0-2: Ball 1-2: Ball 2-2: Ball 3-2: SINGLE (Line Drive, 8RS, EV 103.1 MPH)
|
|
Batting: RHB Steve Benson
|
0-0: Reached on error, E5 (Groundball, 56S, EV 83.8 MPH) Lorenzo Bundy to second
|
|
|
|
|
Batting: LHB Brad Garnett
|
0-0: SINGLE (Line Drive, 34D, EV 101.9 MPH) Lorenzo Bundy to third Steve Benson to second Runner from 3rd tries for Home, SAFE, throw by RF to home
|
|
Batting: RHB Ramon Cardenas
|
0-0: Bunted foul 0-1: Ball 1-1: Bunted foul 1-2: Ball 2-2: Ball 3-2: SINGLE (Flyball, 4D, EV 90.0 MPH) Steve Benson to third Brad Garnett to second
|
|
Batting: RHB Patrick Rubino
|
0-0: Foul Ball, location: 2F 0-1: Ball 1-1: Hit by Pitch Steve Benson scores Brad Garnett to third Ramon Cardenas to second
|
|
Batting: SHB Philip Rossi
|
0-0: Ball 1-0: Called Strike 1-1: Called Strike 1-2: Foul Ball, location: 2F 1-2: Ball 2-2: Fly out, F8 (Flyball, 89M, EV 96.9 MPH)
|
|
Batting: RHB Jonathan Cordova
|
0-0: Ball 1-0: Ball 2-0: DOUBLE (Line Drive, 7LM, EV 99.4 MPH) Brad Garnett scores Ramon Cardenas scores Patrick Rubino to third
|
|
Pitching: RHP Zac Paris
|
|
|
Batting: SHB Ramon Alcantara
|
0-0: Ball 1-0: Ball 2-0: Ball 3-0: Base on Balls
|
|
Batting: RHB Donald Hubbard
|
0-0: Ball 1-0: Ball 2-0: Ball 3-0: Base on Balls Patrick Rubino scores Jonathan Cordova to third Ramon Alcantara to second
|
|
Batting: LHB Lorenzo Bundy
|
0-0: Called Strike 0-1: Ball 1-1: SINGLE (Groundball, 3, EV 106.3 MPH) (infield hit) Jonathan Cordova scores Ramon Alcantara to third Donald Hubbard to second
|
|
Batting: RHB Steve Benson
|
0-0: Ball 1-0: Grounds into fielders choice U2 (Groundball, 2L, EV 67.5 MPH) Donald Hubbard to third Lorenzo Bundy to second
|
|
Batting: LHB Brad Garnett
|
0-0: Called Strike 0-1: Ball 1-1: GRAND SLAM HOME RUN (Flyball, 9LD, EV 101.9 MPH), Distance : 359 ft
|
|
Pitching: RHP Steve Dunnegan
|
|
|
Batting: RHB Ramon Cardenas
|
0-0: Ball 1-0: DOUBLE (Line Drive, 89D, EV 108.1 MPH) - OUT at third base trying to stretch hit.
|
| Bottom of the 6th over - 10 runs, 7 hits, 1 error, 0 left on base; Fort Myers 2 - Miami 11 |
| TOP OF THE 7TH |
|
Fort Myers Palms batting - Pitching for Miami Whales : LHP Alex Gomez
|
|
Batting: LHB James Atkinson
|
0-0: Swinging Strike 0-1: Swinging Strike 0-2: Ball 1-2: Foul Ball, location: 2F 1-2: SINGLE (Line Drive, 8RS, EV 86.3 MPH)
|
|
Batting: RHB Lindon Duncan
|
0-0: Foul Ball, location: 2F 0-1: Called Strike 0-2: Ball 1-2: Ball 2-2: Fly out, F8 (Flyball, 8LS, EV 83.1 MPH)
|
|
Batting: RHB Matt Sinatro
|
0-0: Ball 1-0: Foul Ball, location: 2F 1-1: Foul Ball, location: 2F 1-2: Ground out 6-3 (Groundball, 6M, EV 106.9 MPH) James Atkinson to second
|
|
Batting: RHB Carl Nichols
|
0-0: Ball 1-0: Called Strike 1-1: TRIPLE (Flyball, 78XD, EV 101.3 MPH) James Atkinson scores
|
|
Batting: RHB Jay Greb
|
0-0: Swinging Strike 0-1: Called Strike 0-2: Ball 1-2: SINGLE (Flyball, 3D, EV 97.5 MPH) Carl Nichols scores
|
|
Batting: SHB Porter Wyatt
|
0-0: Ball 1-0: Fly out, F9 (Flyball, 89XD, EV 93.1 MPH)
|
| Top of the 7th over - 2 runs, 3 hits, 0 errors, 1 left on base; Fort Myers 4 - Miami 11 |
| BOTTOM OF THE 7TH |
|
Miami Whales batting - Pitching for Fort Myers Palms : RHP Steve Dunnegan
|
|
Batting: RHB Patrick Rubino
|
0-0: SINGLE (Groundball, 34D, EV 96.9 MPH)
|
|
Batting: SHB Philip Rossi
|
0-0: Ball 1-0: Called Strike 1-1: Fly out, F9 (Flyball, 9LM, EV 81.3 MPH)
|
|
Batting: RHB Jonathan Cordova
|
0-0: Fly out, F7 (Flyball, 7, EV 84.4 MPH)
|
|
Batting: SHB Ramon Alcantara
|
0-0: Swinging Strike 0-1: Foul Ball, location: 2F 0-2: Ball 1-2: Ground out U3 (Groundball, 34S, EV 93.1 MPH)
|
| Bottom of the 7th over - 0 runs, 1 hit, 0 errors, 1 left on base; Fort Myers 4 - Miami 11 |
| TOP OF THE 8TH |
|
Fort Myers Palms batting - Pitching for Miami Whales : LHP Alex Gomez
|
|
Batting: RHB Stanley Baker
|
0-0: Foul Ball, location: 2F 0-1: Ball 1-1: Ball 2-1: Called Strike 2-2: Ground out 6-3 (Groundball, 6, EV 78.1 MPH)
|
|
Batting: RHB Johnny Evans
|
0-0: Called Strike 0-1: Ball 1-1: Fly out, F5 (Line Drive, 5, EV 71.9 MPH)
|
|
Batting: LHB Gus Burgess
|
0-0: Ball 1-0: Foul Ball, location: 2F 1-1: Ball 2-1: Ball 3-1: Base on Balls
|
|
Batting: LHB James Atkinson
|
0-0: Ball 1-0: Called Strike 1-1: Ball 2-1: SINGLE (Groundball, 6MS, EV 68.8 MPH) (infield hit) Gus Burgess to second
|
|
Batting: RHB Lindon Duncan
|
0-0: Ball 1-0: Ball 2-0: 3-RUN HOME RUN (Flyball, 7D, EV 96.3 MPH), Distance : 382 ft
|
|
Pitching: LHP Wilfredo Flores
|
|
|
Batting: RHB Matt Sinatro
|
0-0: Ball 1-0: Called Strike 1-1: Ball 2-1: Ball 3-1: SOLO HOME RUN (Line Drive, 9D, EV 98.8 MPH), Distance : 357 ft
|
|
Batting: RHB Carl Nichols
|
0-0: Called Strike 0-1: Called Strike 0-2: SOLO HOME RUN (Line Drive, 7D, EV 100.6 MPH), Distance : 381 ft
|
|
Batting: RHB Jay Greb
|
0-0: Swinging Strike 0-1: Ball 1-1: Foul Ball, location: 2F 1-2: Strikes out swinging
|
| Top of the 8th over - 5 runs, 4 hits, 0 errors, 0 left on base; Fort Myers 9 - Miami 11 |
| BOTTOM OF THE 8TH |
|
Miami Whales batting - Pitching for Fort Myers Palms : RHP Steve Dunnegan
|
|
Batting: RHB Donald Hubbard
|
0-0: Called Strike 0-1: Ball 1-1: Ground out 5-3 (Groundball, 56, EV 86.9 MPH)
|
|
Batting: LHB Lorenzo Bundy
|
0-0: Called Strike 0-1: Ball 1-1: Called Strike 1-2: Foul Ball, location: 2F 1-2: SINGLE (Groundball, 4MD, EV 101.3 MPH)
|
|
Batting: RHB Steve Benson
|
0-0: Ball 1-0: Called Strike 1-1: Fly out, F8 (Line Drive, 8LD, EV 93.8 MPH)
|
|
Batting: LHB Brad Garnett
|
0-0: Ball 1-0: Foul Ball, location: 2F 1-1: Foul Ball, location: 2F 1-2: Ball 2-2: Ball 3-2: Base on Balls Lorenzo Bundy to second
|
|
Batting: RHB Ramon Cardenas
|
0-0: Foul Ball, location: 2F 0-1: Fly out, F9 (Flyball, 9, EV 89.4 MPH)
|
| Bottom of the 8th over - 0 runs, 1 hit, 0 errors, 2 left on base; Fort Myers 9 - Miami 11 |
| TOP OF THE 9TH |
|
Fort Myers Palms batting - Pitching for Miami Whales : LHP Wilfredo Flores
|
|
Batting: SHB Porter Wyatt
|
0-0: Ball 1-0: Ball 2-0: Foul Ball, location: 2F 2-1: Foul Ball, location: 2F 2-2: Ball 3-2: Fly out, F8 (Flyball, 8RM, EV 87.5 MPH)
|
|
Batting: RHB Stanley Baker
|
0-0: Foul Ball, location: 2F 0-1: Ball 1-1: Foul Ball, location: 2F 1-2: Ball 2-2: Ball 3-2: Foul Ball, location: 2F 3-2: Ground out 6-3 (Groundball, 6S, EV 82.5 MPH)
|
|
Batting: RHB Johnny Evans
|
0-0: Ball 1-0: Foul Ball, location: 2F 1-1: SINGLE (Line Drive, 5D, EV 97.5 MPH)
|
|
Batting: LHB Gus Burgess
|
0-0: DOUBLE (Flyball, 8RXD, EV 108.1 MPH) Johnny Evans to third
|
|
Batting: LHB James Atkinson
|
0-0: Foul Ball, location: 2F 0-1: Ball 1-1: Ball 2-1: Ball 3-1: Swinging Strike 3-2: Foul Ball, location: 2F 3-2: Foul Ball, location: 2F 3-2: Base on Balls
|
|
Batting: RHB Lindon Duncan
|
0-0: Ball 1-0: Ball 2-0: Ball 3-0: Called Strike 3-1: Called Strike 3-2: Base on Balls Johnny Evans scores Gus Burgess to third James Atkinson to second
|
|
Pitching: RHP Michael Befort
|
|
|
Now at 1B: Alex Dominguez
|
|
|
Batting: RHB Matt Sinatro
|
0-0: Ball 1-0: Foul Ball, location: 2F 1-1: Foul Ball, location: 2F 1-2: Strikes out swinging
|
| Top of the 9th over - 1 run, 2 hits, 0 errors, 3 left on base; Fort Myers 10 - Miami 11 |
 |
|
Friday, August 21st, 2020 - OOTP Baseball 21.5 Build 76
|
|